 Dungeon Crawl Stone Soup version 0.31-a0-1597-ge7908ec (webtiles) character file.

Game seed: 8081681563609814598

18 PidgeyThePirate the Ruffian (level 2, -3/26 HPs)
             Began as a Ghoul Monk on Jan 7, 2024.
             Slain by an orc priest
             ... wielding a +0 morningstar
              (6 damage)
             ... on level 2 of the Dungeon.
             The game lasted 00:01:47 (1166 turns).

PidgeyThePirate the Ruffian (Ghoul Monk)            Turns: 1166, Time: 00:01:48

Health: -3/26      AC:  3    Str: 14    XL:     2   Next: 70%
Magic:  2/2        EV: 12    Int:  9    God:
Gold:   79         SH:  0    Dex: 11    Spells: 1/1 levels left

rFire   + .          .
                       - Unarmed
rCold   + + .        c - orb {light}
rNeg    + + +        m - +0 leather armour
rPois   ∞            (no helmet)
rElec   .            k - scarf {rC+ rF+}
rCorr   .            (no gloves)
SInv    .            (no boots)
Will    .....        (no amulet)
Stlth   +            (no ring)
HPRegen 0.00/turn    (no ring)
MPRegen 0.08/turn

%: no passive effects
@: inhibited regen, glowing
A: claws 1, cold resistance 1, negative energy resistance 3, inhibited
regeneration, torment resistance 2, devour on kill
a: no special abilities


You were on level 2 of the Dungeon.
You visited 1 branch of the dungeon, and saw 2 of its levels.

You collected 79 gold pieces.

Inventory:

Armour
 a - a +0 robe
 c - an orb of light (worn)
 k - a scarf of resistance (worn)
 m - a +0 leather armour (worn)
Scrolls
 d - a scroll of enchant weapon {unknown}
 e - a scroll of immolation {unknown}
 f - a scroll of fog {unknown}
 g - 2 scrolls of fear {unknown}
 i - 2 scrolls of teleportation {unknown}
 l - a scroll of identify {unknown}
Potions
 b - a potion of ambrosia
 h - a potion of mutation {unknown}
 j - a potion of magic {unknown}


   Skills:
 + Level 3.6 Fighting
 + Level 2.9 Dodging
 + Level 3.8 Unarmed Combat


You had one spell level left.
You didn't know any spells.
Your spell library contained the following spells:

 Spells                   Type           Power      Damage    Failure   Level
 Volatile Blastmotes      Fire/Tloc      0%         2d10      83%         3
 Fulminant Prism          Conj/Alch      0%         3d5       99%         4
 Iskenderun's Mystic Bla  Conj/Tloc      0%         2d3       99%         4


Dungeon Overview and Level Annotations

Branches:
Dungeon (2/15)

Altars:


Innate Abilities, Weirdness & Mutations

You are immune to poison.
You have sharp fingernails.
Your flesh is cold resistant. (rC+)
You are immune to negative energy. (rN+++)
You do not regenerate when monsters are visible.
You are immune to unholy pain and torment.
You thrive by killing the living.


Message History

An orc is nearby!
There is a stone staircase leading down here.
An orc is nearby!
An orc is nearby!
Found a scroll labelled WIMIDE LITUL.
The orc completely misses you.
You barely miss the orc. The orc misses you.
You scratch the orc.
The orc is almost dead.
The orc barely misses you.
You claw the orc!
You kill the orc!
The orc priest calls down the wrath of Beogh upon you.
Beogh smites you!
Things that are here:
a +0 flail; an orc corpse The orc misses you.
The orc priest begins to cast a cantrip, but forgets the words!
You scratch the orc.
The orc is lightly wounded.
You scratch the orc priest.
The orc priest is moderately wounded.
The orc barely misses you.
The orc priest calls upon Beogh to heal the orc.
The orc's wounds heal themselves!
You scratch the orc priest but do no damage.
The orc priest is moderately wounded.
The orc barely misses you.
The orc priest hits you with a +0 morningstar!
* * * LOW HITPOINT WARNING * * *
You barely miss the orc priest.
The orc priest is moderately wounded.
The orc hits you with a +0 club.
* * * LOW HITPOINT WARNING * * *
The orc priest barely misses you.
You scratch the orc priest.
The orc priest is severely wounded.
The orc barely misses you.
The orc priest hits you with a +0 morningstar.
You die...

############# ##...........#
#..#########.#
######.###.....)..##.
####......##..#.o.#........#
.....####.#$...o@.....#.....
####.#.>..#⌠..........# ####
#.........#...........#
#.##.#....##..#...#..##
#.#.......###........?.
...........#########.#.#
.........#.............#
#.....#..####.#.....#..
###...#..........##.


You could see an orc priest and an orc.

Vanquished Creatures
  An orc (D:2)
  2 ball pythons
  3 endoplasms
  A goblin (D:1)
  3 hobgoblins (D:1)
  2 bats (D:1)
  2 frilled lizards
  2 kobolds
  A rat (D:1)
17 creatures vanquished.

Notes
Turn   | Place    | Note
-------+----------+-------------------------------------------
     0 | D:1      | PidgeyThePirate the Ghoul Monk began the quest for the Orb.
     0 | D:1      | Reached XP level 1. HP: 19/19 MP: 1/1
   262 | D:1      | Reached XP level 2. HP: 21/26 MP: 2/2
  1166 | D:2      | Slain by an orc priest

Illustrated notes

Levels and vault maps discovered:
D:1:      reono_arrival_mine, layout_basic
D:2:      cheibrodos_pilgrimage, layout_loops_cross, serial_forest,
          infiniplex_forest_end_1, infiniplex_forest_straight_1,
          infiniplex_forest_straight_3, infiniplex_forest_zigzag_2,
          infiniplex_forest_lined_3, infiniplex_forest_lined_corner,
          infiniplex_forest_straight_2, uniq_sigmund

Action                     || total
---------------------------++-------
  Melee: Unarmed           ||    47
 Armour: Robe              ||    20
         Leather armour    ||     3
  Dodge: Dodged            ||    33

Table legend: (Time is in decaauts)
 A = Elapsed time spent in this place.
 B = Non-inter-level travel time spent in this place.
 C = Inter-level travel time spent in this place.
 D = Time resting spent in this place.
 E = Time spent auto-exploring this place.
 F = Levels seen in this place.
 G = Mean time per level.
                   A        B        C        D        E       F      G
               +--------+--------+--------+--------+--------+-----+--------+
         Total |   1162 |   1085 |     77 |      0 |    881 |   2 |  581.0 |
       Dungeon |   1162 |   1085 |     77 |      0 |    881 |   2 |  581.0 |
               +--------+--------+--------+--------+--------+-----+--------+

Top non-repeatable levels by time:
     D:1: 952 daAuts
     D:2: 209 daAuts
